 Dungeon Crawl Stone Soup version 0.27.1-34-g3ba077fa99 (webtiles) character file.

Game seed: 4789234957251302935

5621 sankara the Grappler (level 10, -9/86 (94) HPs)
             Began as a Troll Hunter on Jan 18, 2022.
             Was a Priest of Okawaru.
             Mangled by a shadow (29 damage)
             ... on level 8 of the Dungeon.
             The game lasted 00:27:22 (8459 turns).

sankara the Grappler (Troll Hunter)                 Turns: 8459, Time: 00:27:22

HP:   -9/86 (94)    AC:  6    Str: 22    XL:     10   Next: 45%
MP:   9/11          EV: 14    Int:  7    God:    Okawaru [***...]
Gold: 367           SH:  0    Dex: 13    Spells: 9/9 levels left

rFire    . . .     SeeInvis .     - Unarmed
rCold    . . .     Faith    .   (no shield)
rNeg     . . .     Spirit   .   b - +0 robe
rPois    .         Reflect  .   (helmet restricted)
rElec    .         Harm     .   g - +1 cloak
rCorr    +         Rampage  .   (gloves unavailable)
Will     .....                  (boots unavailable)
Stlth    +++.......             H - amulet of regeneration
HPRegen  2.24/turn              M - ring of resist corrosion
MPRegen  0.12/turn              (no ring)

@: lethally poisoned (-9 -> -23), heroic, drained
A: large, unfitting armour, claws 3, regeneration 1, shaggy fur 1, tough skin 1
a: Renounce Religion, Heroism


You were on level 8 of the Dungeon.
You worshipped Okawaru.
Okawaru was most pleased with you.
You visited 2 branches of the dungeon, and saw 10 of its levels.
You also visited: Sewer.

You collected 397 gold pieces.
You spent 30 gold pieces at shops.

Inventory:

Hand Weapons
 a - a +0 short sword
Missiles
 c - 9 large rocks
 d - 4 throwing nets
 f - 58 sling bullets
 h - 245 stones (quivered)
 i - 25 poisoned darts
 s - 4 curare-tipped darts
 J - 7 atropa-tipped darts
 K - 4 boomerangs
 L - 7 javelins
Armour
 b - a +0 robe (worn)
 g - a +1 cloak (worn)
 q - a +0 buckler
Jewellery
 H - an amulet of regeneration (around neck)
 M - a ring of resist corrosion (left claw)
Wands
 e - a wand of polymorph (8)
 u - a wand of flame (11)
 E - a wand of paralysis (8)
Scrolls
 m - 2 scrolls of amnesia
 o - a scroll of enchant armour
 r - a scroll of identify
 v - a scroll of brand weapon {unknown}
 w - a scroll of fear {unknown}
 x - 2 scrolls of summoning {unknown}
 y - 2 scrolls of immolation {unknown}
 z - a scroll of noise {unknown}
 A - 4 scrolls of teleportation
 D - a scroll of enchant weapon {unknown}
 F - a scroll of magic mapping {unknown}
 G - a scroll of blinking {unknown}
 I - a scroll of holy word {unknown}
Potions
 j - 2 potions of flight
 k - 2 potions of might
 l - 2 potions of haste
 n - 2 potions of curing
 p - 3 potions of mutation
 t - a potion of heal wounds
 B - 2 potions of attraction
 C - a potion of lignification


   Skills:
 + Level 4.7(9.7) Fighting
 + Level 7.7(12.7) Throwing
 + Level 5.6(10.6) Dodging
 - Level 0.3(5.3) Stealth
 + Level 10.0(15.0) Unarmed Combat
 + Level 3.7 Invocations


You had 9 spell levels left.
You didn't know any spells.
Your spell library contained the following spells:

 Spells                   Type           Power      Damage    Failure   Level
 Static Discharge         Conj/Air       0%         N/A       56%         2
 Sublimation of Blood     Necr           0%         N/A       56%         2
 Wereblood                Tmut           0%         N/A       56%         2
 Ozocubu's Armour         Ice            0%         N/A       80%         3
 Lightning Bolt           Conj/Air       0%         1d11      100%        5
 Metabolic Englaciation   Hex/Ice        0%         N/A       100%        5
 Simulacrum               Ice/Necr       0%         N/A       100%        6
 Summon Hydra             Summ           0%         N/A       100%        7
 Maxwell's Capacitive Co  Air            0%         ∞         100%        8


Dungeon Overview and Level Annotations

Branches:
Dungeon (9/15)             Temple (1/1) D:6           Sewer (visited)
   Lair: D:8-11         Orc: D:9-12

Altars:
Ashenzari
Cheibriados
Dithmenos
Elyvilon
Gozag
Hepliaklqana
Kikubaaqudgha
Makhleb
Nemelex Xobeh
Okawaru
Qazlal
Ru
Trog
Uskayaw
Vehumet
Xom
Zin
The Shining One

Shops:
D:2 (   D:4 **[?(   D:7 *

Annotations:
D:4 3 runed translucent doors, tevior's ghost, amateur DEWz


Innate Abilities, Weirdness & Mutations

You are too large for most types of armour.
You have claws for hands.
Your natural rate of healing is unusually fast.
You are covered in fur. (AC +1)
You have tough skin. (AC +1)


Message History

You climb upwards.
Reactivating autopickup.
You feel sick.
There is a stone staircase leading down here.
You start resting.
You feel sick. x4
You are no longer poisoned.
You start resting.
HP restored.
You climb downwards.
The orc warrior hits you with a +1 short sword of venom.
You are poisoned.
The orc warrior hits you with a +1 short sword of venom!
You are more poisoned.
The orc hits you with a +0 club.
There is a stone staircase leading up, spattered with blood here.
Unknown command.
You feel extremely sick. The orc warrior closely misses you.
The shadow hits you!
You climb upwards.
You feel extremely sick.
There is a stone staircase leading down here.
Unknown command.
You mangle the shadow!!
The shadow is almost destroyed.
You feel very sick. The orc warrior barely misses you.
The orc closely misses you.
You scratch the shadow.
The shadow is almost destroyed.
You feel very sick.
The shadow slips into darkness.
The shadow flickers and vanishes!
Deactivating autopickup; reactivate with Ctrl-A.
The orc warrior hits you with a +1 short sword of venom!
You are more poisoned.
You gain the combat prowess of a mighty hero.
* * * LOW HITPOINT WARNING * * *
You feel extremely sick. The orc misses you.
The shadow strikes at you from the darkness!
You die...

#......)#.).####.# ###
#. #.........)......###
#. ##......#..........#
#. ##...#.########.#.##
#) #..##.##..........#
#. #..##.##.#####.#..#
#. #........# #.#..# #.
#...#.########o#..# #.
#...#........o@#..# #.
#...##########{#..# #.
###...#
######.##.############.
......#
#..........).........#.
###.###
#.####....##########...
# #.# #.#
#........######.#. #
#.# #.#
##.#.###.......... #
#.# #.# #.#.#
########... # #.# #.#
#.#.# #...


You could see an orc warrior and an orc.

Vanquished Creatures
  A two-headed ogre (D:7)
  Pikel (D:7)
  Sigmund (D:2)
  A wyvern (D:8)
  A steam dragon (D:7)
  Menkaure (D:5)
  3 vampire mosquitoes (D:8)
  5 water moccasins
  An orc warrior (D:7)
  An ice beast (D:8)
  5 sky beasts
  3 ogres
  4 centaurs
  2 phantoms
  3 kobold brigands (Sewer)
  A bullfrog (D:6)
  A scorpion (D:5)
  A wyvern zombie (D:7)
  8 wights (D:8)
  2 centaur zombies
  2 jellies
  9 orc priests
  2 hounds
  4 bullfrog skeletons
  Crazy Yiuf (D:2)
  A gnoll shaman (D:8)
  An iguana (D:6)
  4 orc wizards
  A killer bee zombie (D:7)
  A howler monkey zombie (D:8)
  7 gnolls
  7 adders
  2 river rats (D:4)
  2 white imps
  An ufetubus (D:5)
  A worm (D:5)
  24 orcs
  6 bats
  12 endoplasms
  6 giant cockroaches
  4 goblins
  6 hobgoblins
  3 jackals (D:1)
  14 kobolds
  5 quokkas
  13 ball pythons
  4 frilled lizards
  6 rats
  2 toadstools (D:1)
197 creatures vanquished.

Vanquished Creatures (others)
  A fungus (D:2)
  5 plants
  2 toadstools (D:1)
8 creatures vanquished.

Grand Total: 205 creatures vanquished

Notes
Turn   | Place    | Note
-------+----------+-------------------------------------------
     0 | D:1      | sankara the Troll Hunter began the quest for the Orb.
     0 | D:1      | Reached XP level 1. HP: 19/19 MP: 0/0
   213 | D:1      | Reached skill level 1 in Unarmed Combat
   291 | D:1      | Reached XP level 2. HP: 26/27 MP: 1/1
   565 | D:1      | Reached skill level 2 in Unarmed Combat
   863 | D:2      | Noticed Sigmund
   944 | D:2      | Reached XP level 3. HP: 33/33 MP: 2/2
   964 | D:2      | Found a runed translucent door.
   965 | D:2      | Noticed Crazy Yiuf
   972 | D:2      | Killed Crazy Yiuf
  1162 | D:2      | Found a faded altar of an unknown god.
  1283 | D:2      | Reached skill level 3 in Unarmed Combat
  1283 | D:2      | Reached XP level 4. HP: 41/41 MP: 3/3
  1382 | D:2      | Killed Sigmund
  1383 | D:2      | Reached skill level 4 in Unarmed Combat
  1383 | D:2      | Reached XP level 5. HP: 48/48 MP: 4/4
  1384 | D:2      | Found Nainuih's Weapon Shop.
  1392 | D:2      | Bought 4 large rocks for 30 gold pieces
  1734 | D:3      | You fall into a shaft and drop 2 floors!
  1734 | D:5      | Entered Level 5 of the Dungeon
  1753 | D:5      | Reached XP level 6. HP: 55/55 MP: 5/5
  1874 | D:5      | Reached skill level 5 in Unarmed Combat
  2044 | D:4      | Found Toicidet's Assorted Antiques.
  2048 | D:4      | Found Wime's General Store.
  2158 | D:4      | Reached skill level 5 in Throwing
  2176 | D:4      | Found Kasugex's Magic Scroll Shoppe.
  2191 | D:4      | Found Oteumirgh's Antique Weapon Shoppe.
  2340 | D:4      | Found a runed translucent gate.
  2398 | D:4      | Reached XP level 7. HP: 61/62 MP: 6/6
  2401 | D:4      | Found a broken altar of Ashenzari.
  2579 | D:4      | Found a glowing drain.
  2584 | Sewer    | Entered a sewer
  2703 | Sewer    | Reached skill level 6 in Unarmed Combat
  3010 | D:4      | Found a runed translucent gate.
  3011 | D:4      | Found a runed translucent gate.
  3014 | D:4      | Noticed tevior's ghost (amateur DEWz)
  3021 | D:4      | Found Qucib's Armour Emporium.
  3491 | D:3      | Found a hazy altar of Hepliaklqana.
  3492 | D:3      | Found a shadowy altar of Dithmenos.
  3493 | D:3      | Noticed a shadow
  3820 | D:3      | Found a white marble altar of Elyvilon.
  4265 | D:5      | Reached XP level 8. HP: 38/70 MP: 7/7
  4408 | D:5      | Reached skill level 7 in Unarmed Combat
  4450 | D:5      | Noticed Menkaure
  4451 | D:5      | Killed Menkaure
  5234 | D:6      | Reached skill level 8 in Unarmed Combat
  5330 | D:6      | Found a staircase to the Ecumenical Temple.
  5339 | Temple   | Entered the Ecumenical Temple
  5452 | Temple   | Became a worshipper of Warmaster Okawaru
  5671 | D:6      | Found a glowing golden altar of the Shining One.
  5862 | D:6      | Reached XP level 9. HP: 71/81 MP: 8/8
  6244 | D:7      | Reached skill level 1 in Invocations
  6371 | D:7      | Reached * piety under Okawaru
  6390 | D:7      | Noticed Pikel
  6406 | D:7      | Killed Pikel
  6407 | D:7      | Reached skill level 9 in Unarmed Combat
  6514 | D:7      | Reached ** piety under Okawaru
  6515 | D:7      | Reached skill level 5 in Dodging
  6759 | D:7      | Noticed a two-headed ogre
  6802 | D:7      | Killed a two-headed ogre
  6803 | D:7      | Reached XP level 10. HP: 75/93 MP: 9/11
  6844 | D:7      | Found Erob's CLEARANCE SALE! EVERYTHING MUST GO!.
  7886 | D:8      | Reached *** piety under Okawaru
  8104 | D:8      | Received a gift from Okawaru
  8105 | D:8      | Reached skill level 10 in Unarmed Combat
  8459 | D:8      | Mangled by a shadow

Illustrated notes

Levels and vault maps discovered:
D:1:      ldierk_water_garden, layout_loops_corners, st_stairs_7
D:2:      layout_loops_ring, basic_ecumenical_altar, serial_shops, shop,
          uniq_crazy_yiuf_cottage, uniq_sigmund
D:3:      layout_basic, riverfiend_overflow_shadow_ancestor,
          nicolae_elyvilon_temple_path, minmay_statues_item
D:4:      layout_cave_pools, marbit_many_paths, serial_shops,
          nicolae_inconvenience_store, shop, shop, nicolae_shop_stone, shop,
          gup_sewer_entry_spiral, gammafunk_ghost_split
D:5:      layout_basic, chequers_serial_rivers_large_a, uniq_menkaure
D:6:      layout_gridville, mainiacjoe_overflow_brackets,
          minmay_temple_entry_statues_pillars
D:7:      layout_basic, nicolae_shop_clearance, uniq_pikel
D:8:      layout_loops_ring, chequers_hall_statues_corner_a,
          grunt_decor_fettered
D:9:      layout_irregular_city, gammafunk_temple_overflow_claw,
          erik_lair_dragon, serial_shops, nicolae_lakefront_shop,
          nicolae_shop_statue_plus, shop, nicolae_shop_stone, shop,
          minmay_crystal_room, st_stairs_6
Temple:   dshaligram_water_room_temple

Skill      XL: |  1  2  3  4  5  6  7  8  9 10 |
---------------+-------------------------------+-----
Unarmed Combat | 1 2 3 4 5 6 8 9 10 | 10.0
Throwing       | 4 5 6 7 |  7.7
Dodging        | 2 3 4 5 |  5.6
Fighting       | 3 4 |  4.7
Invocations    | 3 |  3.7
Stealth        | |  0.3

Action                   |  1- 3 |  4- 6 |  7- 9 | 10-12 || total
-------------------------+-------+-------+-------+-------++-------
Melee: Unarmed           |    97 |    83 |   287 |   156 ||   623
       Punch             |       |     1 |    10 |     8 ||    19
Throw: Stone             |    17 |    28 |     8 |    18 ||    71
       Large rock        |       |     3 |     1 |       ||     4
       Dart              |       |       |    51 |     1 ||    52
Invok: Heroism           |       |       |       |     1 ||     1
  Use: Potion            |     2 |       |       |       ||     2
       Scroll            |       |     4 |     4 |     2 ||    10
 Stab: Sleeping          |     1 |       |     2 |       ||     3
Armor: Robe              |    21 |    28 |   119 |    31 ||   199
Dodge: Dodged            |    36 |    40 |   152 |    73 ||   301
